 Dungeon Crawl Stone Soup version 0.29-a0-819-g94b489e0ae (webtiles) character file.

Game seed: 4211244642127575729

361 scionoferis the Insei (level 6, -3/38 HPs)
             Began as an Octopode Transmuter on July 6, 2022.
             Slain by an orc wizard
             ... wielding a +0 dagger
              (4 damage)
             ... on level 4 of the Dungeon.
             The game lasted 00:11:47 (4272 turns).

scionoferis the Insei (Octopode Transmuter)         Turns: 4272, Time: 00:11:48

Health: -3/38      AC:  1    Str:  7 (10) XL:     6   Next: 66%
Magic:  19/19      EV: 13    Int: 15 (17) God:
Gold:   98         SH:  0    Dex: 10 (12) Spells: 3/10 levels left

rFire   . . .      SeeInvis .   d - +0 dagger
rCold   . . .      Faith    .   (no shield)
rNeg    . . .      Spirit   .   (helmet restricted)
rPois   .          Reflect  .   (no amulet)
rElec   .          Harm     .   r - ring of magical power
rCorr   .          Rampage  .   (no ring)
Will    .....                   (no ring)
Stlth   +++.......              (no ring)
HPRegen 0.12/turn               (no ring)
MPRegen 0.16/turn               (no ring)
                                (no ring)
                                (no ring)

@: wereblooded, attractive
A: almost no armour, amphibious, 8 rings, camouflage 1, gelatinous body 1,
(nimble swimmer 1), tentacles
a: no special abilities


You were on level 4 of the Dungeon.
You visited 1 branch of the dungeon, and saw 4 of its levels.

You collected 98 gold pieces.

Inventory:

Hand Weapons
 d - a +0 dagger (weapon)
 f - a +0 short sword
Missiles
 e - 17 stones
 n - 2 javelins
 p - 2 poisoned darts (quivered)
Magical Staves
 b - a staff of conjuration
Jewellery
 a - an amulet of faith
 r - a ring of magical power (left tentacle)
Scrolls
 c - 2 scrolls of noise {unknown}
 h - a scroll of fog {unknown}
 k - a scroll of teleportation {unknown}
 l - a scroll of poison {unknown}
 m - 3 scrolls of identify {unknown}
 o - a scroll of torment {unknown}
 q - a scroll of amnesia {unknown}
Potions
 i - a potion of heal wounds {unknown}


   Skills:
 - Level 1.0 Fighting
 + Level 3.1 Dodging
 + Level 3.1 Stealth
 + Level 4.3 Unarmed Combat
 + Level 2.9 Spellcasting
 * Level 4.0 Transmutations
 * Level 1.1 Ice Magic


You had 3 spell levels left.
You knew the following spells:

 Your Spells              Type           Power      Damage    Failure   Level
a - Beastly Appendage     Tmut           28%        N/A       3%          1
b - Wereblood             Tmut           14%        N/A       6%          2
c - Ice Form              Ice/Tmut       10%        N/A       56%         4

Your spell library contained the following spells:

 Spells                   Type           Power      Damage    Failure   Level
 Passwall                 Tmut/Erth      6%         N/A       13%         2
 Necrotise                Necr           8%         1d4       21%         1
 Ensorcelled Hibernation  Hex/Ice        6%         N/A       24%         2
 Spider Form              Tmut/Pois      8%         N/A       26%         3
 Ignite Poison            Fire/Tmut/Pois 6%         N/A       34%         3
 Ozocubu's Armour         Ice            5%         N/A       36%         3
 Conjure Flame            Conj/Fire      2%         6-21      52%         3
 Swiftness                Air            2%         N/A       52%         3
 Vampiric Draining        Necr           2%         2d6       52%         3
 Sticky Flame             Conj/Fire      2%         2d3       90%         4
 Agony                    Necr           2%         N/A       99%         5
 Metabolic Englaciation   Hex/Ice        1%         N/A       99%         5
 Simulacrum               Ice/Necr       1%         N/A       100%        6


Dungeon Overview and Level Annotations

Branches:
Dungeon (4/15)
 Temple: D:4-7

Altars:
Elyvilon
Gozag
Ru
Trog

Annotations:
D:2 1 runed translucent door, Crazy Yiuf


Innate Abilities, Weirdness & Mutations

You cannot wear most types of armour.
You are amphibious.
You can wear up to eight rings at the same time.
Your skin changes colour to match your surroundings (Stealth+).
Your rubbery body absorbs attacks. (AC +1, EV +1)
((You are camouflaged when in or above water. (Stealth+)))
You have tentacles for arms and can constrict up to eight enemies at once.


Message History

Deactivating autopickup; reactivate with Ctrl-A.
An orc comes into view. It is wielding a +0 hand axe.
You barely miss something.
Your tentacle spike misses something.
Your squeeze misses something. Something hits you.
You hit something but do no damage. Something hits you.
You barely miss something. Something hits you.
The orc wizard points at you and mumbles some strange words.
You miss something.
You pierce something.
Your transformation is almost over.
Something hits you.
You closely miss something. Your squeeze misses something. Something hits you.
You hit something but do no damage.
Your tentacle spike misses something.
You hear some strange, mumbled words.
Something tries to affect you, but you resist.
You miss something.
Your tentacle spike misses something.
Something hits you.
You hit something but do no damage.
You pierce something.
Your squeeze misses something.
You hear some strange, mumbled words.
A puff of flame appears from out of thin air!
The puff of flame misses you.
The orc wizard points at you and mumbles some strange words.
You hit something but do no damage. Something hits you.
You barely miss something. Something hits you.
* * * LOW HITPOINT WARNING * * *
The orc wizard casts a spell at you. The puff of flame hits you!
* * * LOW HITPOINT WARNING * * *
The orc wizard gestures at you while chanting.
There is a stone staircase leading up here.
It was a potion of degeneration.
There was something very wrong with that liquid.
You feel weakened.
You feel dopey.
You feel clumsy. Something hits you.
* * * LOW HITPOINT WARNING * * *
The orc wizard casts a spell.
The orc wizard flickers and vanishes!
It was a potion of attraction.
You feel attractive to monsters.
Your tentacle spike disappears.
Something hits you.
You die...

#......#
### #@#
#{# #o#
.{# ####


You could see an orc.

Vanquished Creatures
  Sigmund (D:2)
  2 orc priests (D:3)
  4 adders
  4 gnolls (D:3)
  4 dart slugs
  8 orcs (D:3)
  7 bats
  4 endoplasms
  4 giant cockroaches
  2 goblins
  5 hobgoblins
  2 kobolds (D:2)
  2 quokkas (D:2)
  3 ball pythons
  5 frilled lizards
  7 rats
64 creatures vanquished.

Notes
Turn   | Place    | Note
-------+----------+-------------------------------------------
     0 | D:1      | scionoferis the Octopode Transmuter began the quest for the
                  | Orb.
     0 | D:1      | Reached XP level 1. HP: 13/13 MP: 3/3
   567 | D:1      | Reached XP level 2. HP: 18/18 MP: 3/5
  1046 | D:2      | Reached skill level 1 in Stealth
  1203 | D:2      | Reached XP level 3. HP: 23/23 MP: 4/6
  1255 | D:2      | Learned a level 2 spell: Wereblood
  1481 | D:2      | Noticed Sigmund
  1810 | D:2      | Found a runed translucent door.
  1811 | D:2      | Noticed Crazy Yiuf
  1883 | D:2      | Killed Sigmund
  1884 | D:2      | Reached XP level 4. HP: 23/28 MP: 6/8
  1884 | D:2      | Reached XP level 5. HP: 27/33 MP: 6/9
  2077 | D:2      | Learned a level 4 spell: Ice Form
  2541 | D:3      | Reached XP level 6. HP: 21/38 MP: 8/10
  3598 | D:3      | Found a sacrificial altar of Ru.
  3628 | D:3      | Reached skill level 1 in Ice Magic
  3766 | D:3      | Found a bloodstained altar of Trog.
  3874 | D:3      | Found a white marble altar of Elyvilon.
  4198 | D:4      | Found an opulent altar of Gozag.
  4269 | D:4      | HP: 1/38 [orc wizard/puff of flame (10)]
  4272 | D:4      | Slain by an orc wizard

Illustrated notes

Levels and vault maps discovered:
D:1:      eino_arrival_cavern_b, layout_loops_ring
D:2:      layout_basic, uniq_crazy_yiuf_cottage, uniq_sigmund
D:3:      cheibrodos_helix_gallery, layout_loops_corners, elyvilon_altar_1,
          mainiacjoe_overflow_catch_the_wave
D:4:      layout_basic, regret_index_temple_of_mockery,
          overflow_temple_1_default

Skill      XL: |  1  2  3  4  5  6 |
---------------+-------------------+-----
Stealth        | 1 2 3 |  3.1
Unarmed Combat | 4 |  4.3
Transmutations | 3 4 |  4.0
Dodging        | 3 |  3.1
Ice Magic      | 1 |  1.1
Fighting       | |  1.0
Spellcasting   | |  2.9

Action                   |  1- 3 |  4- 6 || total
-------------------------+-------+-------++-------
Melee: Dagger            |    66 |    71 ||   137
       Constrict         |    14 |    25 ||    39
       Kick              |     9 |    22 ||    31
       Tentacles         |    10 |     8 ||    18
       Punch             |     1 |     3 ||     4
 Cast: Beastly Appendage |    13 |    14 ||    27
       Wereblood         |       |     4 ||     4
  Use: Potion            |     3 |     2 ||     5
 Stab: Sleeping          |     8 |     7 ||    15
Armor: Skin              |     4 |     2 ||     6
Dodge: Dodged            |    31 |    25 ||    56

Table legend: (Time is in decaauts)
 A = Elapsed time spent in this place.
 B = Non-inter-level travel time spent in this place.
 C = Inter-level travel time spent in this place.
 D = Time resting spent in this place.
 E = Time spent auto-exploring this place.
 F = Levels seen in this place.
 G = Mean time per level.
                   A        B        C        D        E       F      G
               +--------+--------+--------+--------+--------+-----+--------+
         Total |   4287 |   4144 |    143 |    705 |   2566 |   4 | 1071.8 |
       Dungeon |   4287 |   4144 |    143 |    705 |   2566 |   4 | 1071.8 |
               +--------+--------+--------+--------+--------+-----+--------+

Top non-repeatable levels by time:
     D:2: 1656 daAuts
     D:3: 1469 daAuts
     D:1: 1139 daAuts
     D:4: 21 daAuts
